 Dungeon Crawl Stone Soup version 0.30.0-2-g1aa4bd4387 (webtiles) character file.

Game seed: 2764510993387078297

394 Kenran the Cudgeller (level 6, -2/33 HPs)
             Began as a Gargoyle Chaos Knight on May 7, 2023.
             Was a Plaything of Xom.
             Slain by a wind drake (shapeshifter) (6 damage)
             ... on level 4 of the Dungeon.
             The game lasted 00:06:04 (3278 turns).

Kenran the Cudgeller (Gargoyle Chaos Knight)        Turns: 3278, Time: 00:06:05

Health: -2/33      AC: 16    Str: 13 (16) XL:     6   Next: 81%
Magic:  6/6        EV:  3    Int: 11 (12) God:    Xom [*.....]
Gold:   218        SH:  0    Dex: 13      Spells: 5/5 levels left

rFire   . . .        a - +0 mace (chaos)
rCold   . . .        (no shield)
rNeg    + . .        s - +0 plate armour
rPois   ∞            (helmet restricted)
rElec   +            (no cloak)
rCorr   .            (no gloves)
SInv    +            r - +0 pair of boots
Will    .....        (no amulet) Stlth
                     v - ring of see invisible
HPRegen 0.25/turn    (no ring)
MPRegen 0.10/turn

%: no passive effects
@: no status effects
A: sickness immunity, AC +4, negative energy resistance 1, electricity
resistance, torment resistance 1, petrification resistance, horns 1, agile 1,
deterioration 1, frail 1
a: Renounce Religion


You were on level 4 of the Dungeon.
You worshipped Xom.
You were a special plaything of Xom.
You visited 1 branch of the dungeon, and saw 4 of its levels.

You collected 218 gold pieces.


Innate Abilities, Weirdness & Mutations

You are immune to sickness and miasma.
Your stone body is resilient. (AC +4)
You are immune to poison.
You resist negative energy. (rN+)
You are resistant to electric shocks. (rElec)
You are resistant to unholy torment.
You are immune to petrification.
You have a pair of small horns on your head.
You are agile. (Dex +4, Str/Int -1)
Your body sometimes deteriorates upon taking damage.
You are frail. (-10% HP)


   Skills:
 - Level 3.2 Fighting
 + Level 7.4 Maces & Flails
 - Level 2.1 Armour
 - Level 0.7 Dodging


You had 5 spell levels left.
You didn't know any spells.
Your spell library contained the following spells:

 Spells                   Type           Power      Damage    Failure   Level
 Gell's Gravitas          Tloc           0%         N/A       100%        3
 Stone Arrow              Conj/Erth      0%         3d7       100%        3
 Teleport Other           Tloc           0%         N/A       100%        3
 Animate Armour           Summ/Erth      0%         N/A       100%        4
 Dispersal                Tloc           0%         N/A       100%        6
 Lehudib's Crystal Spear  Conj/Erth      0%         10d2      100%        8

Inventory:

Hand Weapons
 a - a +0 mace of chaos (weapon)
Armour
 m - a +0 helmet
   (You found it on level 2 of the Dungeon)
 r - a +0 pair of boots (worn)
   (You found it on level 3 of the Dungeon)
 s - a +0 plate armour (worn)
   (You found it on level 3 of the Dungeon)
Jewellery
 v - a ring of see invisible (left hand)
   (You found it on level 3 of the Dungeon)
Scrolls
 d - a scroll of immolation {unknown}
 f - 3 scrolls of magic mapping {!r}
 h - 2 scrolls of teleportation {@r4}
 j - 2 scrolls of fog
 l - a scroll of brand weapon {unknown}
 q - a scroll of amnesia {unknown}
Potions
 b - a potion of cancellation {unknown}
 g - 3 potions of degeneration {!q}
 i - a potion of might {unknown}
 n - a potion of mutation {unknown}
 o - a potion of attraction {unknown}
 p - a potion of magic {unknown}
Miscellaneous
 c - a piece from Xom's chessboard (15/15) (quivered)

Dungeon Overview and Level Annotations

Branches:
Dungeon (4/15) Zot: 20690
 Temple: D:4-7

Altars:
Cheibriados
Dithmenos
Okawaru

Shops:
D:2 :

Annotations:
D:3 2 transporters
Abyss:1 Edmund

# #.....######.#.# ##...## # #
#####........#.#####.....#####
# ##########.....##......... #
##############...........### #
#..............#.........# #
##.#.###.###.#..#.........#
#..#...#.#...#......)..####
#..###.#.#.###.#####...#
#....#.#.#.#@..# #...#
##.._.......k._.# ##.##
####.....#.#.#.#...# #.#
)......###.#.#.###.######.#
#####..#...#.#...#.)...##.# #
##.#.###.###.#.†##.##.#
######.......y.............
....###..#.#.###.##........
###.# #.y........##......).


You could see a wind drake shaped shifter (repels missiles, poisoned).


Message History

You kill the orc!
The troll bites you but does no damage.
The troll claws you but does no damage. x2
Your surroundings suddenly seem different.
You start resting. "Let's go for a ride!"
Your surroundings suddenly seem different.
Your surroundings suddenly seem different.
Your surroundings suddenly seem different.
A kobold and a scorpion come into view.
Found a whip.
Found an iron altar of Okawaru. 😕 HP[+24]
You regained 24 hp, and now have 31/33 hp.
Unknown command.
Unknown command.
Unknown command.
Unknown command.
The kobold shouts!
The kobold hits you but does no damage.
You closely miss the kobold. The kobold hits you but does no damage.
You hit the kobold. The kobold hits you but does no damage.
You hit the kobold. You burn the kobold.
You kill the kobold!
The scorpion stings you but does no damage. 😕 HP[+1]
You hit the scorpion. You headbutt the scorpion.
The scorpion stings you. 😕 HP[-4]
You take 4 damage, and now have 28/33 hp.
You hit the scorpion. You freeze the scorpion. The scorpion barely misses you.
The scorpion stings you but does no damage.
You barely miss the scorpion.
You punch the scorpion, but do no damage.
The scorpion stings you but does no damage.
You hit the scorpion but do no damage.
The scorpion is poisoned.
The scorpion stings you but does no damage. 😕 HP[+1]
You closely miss the scorpion.
You headbutt the scorpion, but do no damage.
You kill the scorpion!
You feel your dexterity returning.
No target in view!
You see here a scorpion corpse.
Things that are here:
a +0 short sword; 2 stones; a kobold corpse 😕 HP[+1]
Found a snail-covered altar of Cheibriados. 😎 HP[+3]
Your hp is fully restored (33).
An orc is nearby!
The orc shouts!
The orc throws a stone.
The stone hits you but does no damage. The orc hits you but does no damage.
You hit the orc. The orc hits you but does no damage.
You hit the orc.
You kill the orc!
No target in view!
An endoplasm comes into view.
The endoplasm quivers.
Items here: ( ) [ †.
An endoplasm is nearby!
You sock the endoplasm!
You kill the endoplasm!
No target in view!
No target in view!
A polar bear comes into view.
The polar bear growls angrily.
The polar bear changes into a hornet!
You hit the hornet but do no damage. Lightning courses through the hornet!
The hornet stings you! x2
* * * LOW HITPOINT WARNING * * *
😨 HP[-21]
You take 21 damage, and now have 12/33 hp.
MASSIVE DAMAGE!! (PAUSE)
You barely miss the hornet.
The hornet stings you but does no damage.
The hornet stings you!
* * * LOW HITPOINT WARNING * * *
😱 HP[-7]
You take 7 damage, and now have 5/33 hp.
MASSIVE DAMAGE!! (PAUSE)
You closely miss the hornet.
Xom's power touches on a nearby monster.
The hornet changes into a shapeshifter!
The shapeshifter changes into a wind drake!
You hit the wind drake but do no damage.
The wind drake is poisoned.
Your headbutt misses the wind drake.
The wind drake begins repelling missiles! 😱 HP[+1]
You barely miss the wind drake. You headbutt the wind drake.
The wind drake bites you but does no damage.
You miss the wind drake.
The wind drake exhales a fierce blast of wind!
You are knocked back by the gust of wind.
You slam into the crystal wall!
* * * LOW HITPOINT WARNING * * *
😱 HP[-2]
You take 2 damage, and now have 4/33 hp.
Unknown command.
You barely miss the wind drake. The wind drake bites you.
You die...
Xom chortles!

Skill      XL: |  1  2  3  4  5  6 |
---------------+-------------------+-----
Maces & Flails | 4 5 6 7 |  7.4
Fighting       | |  3.2
Armour         | |  2.1
Dodging        | |  0.7

Action                     |  1- 3 |  4- 6 || total
---------------------------+-------+-------++-------
  Melee: Mace              |    85 |   124 ||   209
         Headbutt          |    12 |    22 ||    34
         Punch             |     1 |     1 ||     2
  Evoke: Piece from Xom's  |       |     1 ||     1
    Use: Scroll            |       |     4 ||     4
         Potion            |       |     2 ||     2
   Stab: Confused          |       |     1 ||     1
 Armour: Leather armour    |    45 |    26 ||    71
         Plate armour      |       |    56 ||    56
  Dodge: Dodged            |    67 |    54 ||   121

Levels and vault maps discovered:
D:1:      heliophobic_arrival_enchanted_forest, layout_loops_corners,
          grunt_decor_junction
D:2:      layout_loops_corners, serial_shops, shop_statue
D:3:      layout_loops_ring, gammafunk_ghost_abyssal_escape,
          ebering_ecumenical_altar_ruins
D:4:      layout_loops_corners, mainiacjoe_overflow_large_starburst,
          nicolae_dithmenos_through_a_glass_darkly, hex_medium, uniq_edmund,
          uniq_pikel

Notes
Turn   | Place    | Note
-------+----------+-------------------------------------------
     0 | D:1      | Kenran the Gargoyle Chaos Knight began the quest for the
                  | Orb.
     0 | D:1      | Reached XP level 1. HP: 14/14 MP: 1/1
     0 | D:1      | magus.rc [v1.11.6]
   164 | D:1      | Reached XP level 2. HP: 13/19 MP: 2/2
   335 | D:1      | XOM: give mutations
   335 | D:1      | Gained mutation: You are agile. (Dex +4, Str/Int -1) [Xom's
                  | mischief]
   335 | D:1      | Gained mutation: Your body sometimes deteriorates upon
                  | taking damage. [Xom's mischief]
   335 | D:1      | Gained mutation: You are frail. (-10% HP) [Xom's mischief]
   335 | D:1      | Gained mutation: You have a pair of small horns on your
                  | head. [Xom's mischief]
   950 | D:2      | Reached skill level 4 in Maces & Flails
   950 | D:2      | Reached XP level 3. HP: 13/20 MP: 3/3
  1193 | D:2      | You add the spells Stone Arrow, Animate Armour and
                  | Lehudib's Crystal Spear to your library.
  1407 | D:2      | Reached XP level 4. HP: 21/25 MP: 4/4
  1432 | D:1      | Reached skill level 5 in Maces & Flails
  1462 | D:2      | Found Zoqipet's Book Boutique.
  1465 | D:2      | XOM: 8-stop teleportation journey
  1813 | D:3      | Reached XP level 5. HP: 28/28 MP: 5/5
  1836 | D:3      | Found a transporter.
  1866 | D:3      | Noticed a small abomination
  1875 | D:3      | Found a transporter.
  1891 | D:3      | Noticed a kobold brigand
  2290 | D:3      | Found a faded altar of an unknown god.
  2636 | D:4      | XOM: god gift: 53 gold pieces
  2659 | D:4      | Noticed Edmund
  2686 | D:4      | Banished Edmund
  2687 | D:4      | Reached skill level 6 in Maces & Flails
  2687 | D:4      | Reached XP level 6. HP: 10/33 MP: 6/6
  2817 | D:4      | You add the spells Gell's Gravitas, Teleport Other and
                  | Dispersal to your library.
  2867 | D:4      | Found a shadowy altar of Dithmenos.
  3047 | D:4      | XOM: confuse monster(s)
  3053 | D:4      | Reached skill level 7 in Maces & Flails
  3053 | D:4      | HP: 8/33 [orc/+0 mace (4)]
  3059 | D:4      | an orc changed into a shapeshifter
  3059 | D:4      | Noticed a shapeshifter (shapeshifter)
  3059 | D:4      | a shapeshifter changed into a troll
  3059 | D:4      | Noticed a troll (shapeshifter)
  3060 | D:4      | HP: 7/33 [troll (shapeshifter) (3)]
  3155 | D:4      | Found an iron altar of Okawaru.
  3155 | D:4      | XOM: 3-stop teleportation journey
  3195 | D:4      | Found a snail-covered altar of Cheibriados.
  3250 | D:4      | Noticed a polar bear
  3263 | D:4      | a polar bear changed into a hornet
  3263 | D:4      | Noticed a hornet (shapeshifter)
  3273 | D:4      | HP: 5/33 [hornet (shapeshifter) (7)]
  3274 | D:4      | a hornet changed into a shapeshifter
  3274 | D:4      | Noticed a shapeshifter (shapeshifter)
  3274 | D:4      | XOM: polymorph hornet -> shapeshifter
  3274 | D:4      | a shapeshifter changed into a wind drake
  3274 | D:4      | Noticed a wind drake (shapeshifter)
  3278 | D:4      | Slain by a wind drake (shapeshifter)

Vanquished Creatures
  A scorpion (D:4)
  An orc priest (D:4)
  8 adders
  4 gnolls
  A worm (D:4)
  2 dart slugs (D:2)
  7 orcs
  4 ball pythons
  8 bats
  4 endoplasms
  3 goblins
  4 hobgoblins
  6 jackals
  4 kobolds
  A quokka (D:1)
  3 frilled lizards
  4 rats
65 creatures vanquished.

Table legend:
 A = Non-vault XP
 B = Vault XP
 C = Vault XP percentage of total XP
 D = Non-vault monster count
 E = Vault monster count
 F = Vault count percentage of total count
                 A         B        C        D         E       F
            +---------+---------+-------+---------+---------+-------
      Total |     392 |     171 |  30.4 |      65 |       1 |   1.5
            +---------+---------+-------+---------+---------+-------
        D:1 |      51 |       0 |   0.0 |      15 |       0 |   0.0
        D:2 |     113 |       0 |   0.0 |      24 |       0 |   0.0
        D:3 |      60 |       0 |   0.0 |      14 |       0 |   0.0
        D:4 |     168 |     171 |  50.4 |      12 |       1 |   7.7
            +---------+---------+-------+---------+---------+-------

Skill      XL: |  1  2  3  4  5  6 |
---------------+-------------------+-----
Maces & Flails | 4 5 6 7 |  7.4
Fighting       | |  3.2
Armour         | |  2.1
Dodging        | |  0.7

Action                     |  1- 3 |  4- 6 || total
---------------------------+-------+-------++-------
  Melee: Mace              |    85 |   124 ||   209
         Headbutt          |    12 |    22 ||    34
         Punch             |     1 |     1 ||     2
  Evoke: Piece from Xom's  |       |     1 ||     1
    Use: Scroll            |       |     4 ||     4
         Potion            |       |     2 ||     2
   Stab: Confused          |       |     1 ||     1
 Armour: Leather armour    |    45 |    26 ||    71
         Plate armour      |       |    56 ||    56
  Dodge: Dodged            |    67 |    54 ||   121

Illustrated notes

Table legend:
 A = Kills in this place as a percentage of kills in the entire game.
 B = Kills by you in this place as a percentage of kills by you in the entire game.
 C = Kills by friends in this place as a percentage of kills by friends in the entire game.
 D = Other kills in this place as a percentage of other kills in the entire game.
 E = Experience gained in this place as a percentage of experience gained in the entire game.
 F = Experience gained in this place divided by the number of levels of this place that you have seen.
                   A       B       C       D       E      F
               +-------+-------+-------+-------+-------+----------------------
         Total | 100.0 | 100.0 |   N/A | 100.0 | 100.0 | 140.8
       Dungeon | 100.0 | 100.0 |   N/A | 100.0 | 100.0 | 140.8
               +-------+-------+-------+-------+-------+----------------------

Table legend: (Time is in decaauts)
 A = Elapsed time spent in this place.
 B = Non-inter-level travel time spent in this place.
 C = Inter-level travel time spent in this place.
 D = Time resting spent in this place.
 E = Time spent auto-exploring this place.
 F = Levels seen in this place.
 G = Mean time per level.
                   A        B        C        D        E       F      G
               +--------+--------+--------+--------+--------+-----+--------+
         Total |   3308 |   3160 |    148 |    167 |   2373 |   4 |  827.0 |
       Dungeon |   3308 |   3160 |    148 |    167 |   2373 |   4 |  827.0 |
               +--------+--------+--------+--------+--------+-----+--------+

Top non-repeatable levels by time:
     D:1: 974 daAuts
     D:2: 860 daAuts
     D:3: 787 daAuts
     D:4: 687 daAuts
